 Dungeon Crawl Stone Soup version 0.29-a0-103-g37f86683bf (webtiles) character file.

Game seed: 10404627130094514677

10 EiAlmux the Conjurer (level 2, 0/16 HPs)
             Began as a Deep Elf Conjurer on Feb 16, 2022.
             Slain by a jackal (3 damage)
             ... on level 1 of the Dungeon.
             The game lasted 00:00:48 (233 turns).

EiAlmux the Conjurer (Deep Elf Conjurer)             Turns: 233, Time: 00:00:48

Health: 0/16       AC:  2    Str:  4    XL:     2   Next: 10%
Magic:  2/8        EV: 12    Int: 22    God:
Gold:   5          SH:  0    Dex: 13    Spells: 4/7 levels left

rFire   . . .      SeeInvis .   d - +1 dagger (venom)
rCold   . . .      Faith    .   (no shield)
rNeg    . . .      Spirit   .   a - +0 robe
rPois   .          Reflect  .   (no helmet)
rElec   .          Harm     .   (no cloak)
rCorr   .          Rampage  .   (no gloves)
Will    .....                   (no boots)
Stlth   ++........              (no amulet)
HPRegen 0.05/turn               (no ring)
MPRegen 0.11/turn               (no ring)

@: no status effects
A: no striking features
a: no special abilities


You were on level 1 of the Dungeon.
You visited 1 branch of the dungeon, and saw 1 of its levels.

You collected 5 gold pieces.

Inventory:

Hand Weapons
 d - a +1 dagger of venom (weapon)
Armour
 a - a +0 robe (worn)
Scrolls
 b - 2 scrolls of fear {unknown}
 c - a scroll of enchant weapon {unknown}


   Skills:
 * Level 1.0 Fighting
 - Level 2.4 Dodging
 - Level 2.4 Stealth
 + Level 3.2 Spellcasting
 + Level 4.5 Conjurations


You had 4 spell levels left.
You knew the following spells:

 Your Spells              Type           Power      Damage    Failure   Level
a - Magic Dart            Conj           92%        1d7       1%          1
b - Searing Ray           Conj           46%        2d6       2%          2

Your spell library contained the following spells:

 Spells                   Type           Power      Damage    Failure   Level
 Dazzling Flash           Conj/Hex       26%        N/A       14%         3
 Fulminant Prism          Conj/Hex       6%         3d7       43%         4
 Iskenderun's Mystic Bla  Conj/Tloc      13%        2d5       43%         4


Dungeon Overview and Level Annotations

Branches:
Dungeon (1/15)

Altars:

Shops:
D:1 *?


Message History

A jackal comes into view. x2
The jackal barks! x2
The jackal barely misses you. The jackal bites you.
The jackal completely misses you.
Things that are here:
a +1 dagger of venom; 4 stones; a kobold corpse
Okay, then.
Your +1 dagger of venom begins to drip with poison!
d - a +1 dagger of venom (weapon)
The jackal barely misses you.
An endoplasm comes into view.
The endoplasm quivers.
You hit the jackal but do no damage.
The jackal is poisoned.
The jackal misses you.
You hit the jackal.
The jackal is moderately wounded.
The jackal barely misses you.
The jackal bites you but does no damage.
The jackal misses you.
You closely miss the jackal.
The jackal is moderately wounded.
The jackal bites you. x2; The jackal barely misses you.
The jackal bites you but does no damage.
The jackal closely misses you.
You barely miss the jackal. The jackal closely misses you.
The jackal barely misses you. The jackal bites you.
The jackal closely misses you.
You barely miss the jackal.
You kill the jackal!
The jackal closely misses you. The jackal barely misses you.
The jackal bites you. x2
Your Fighting skill increases to level 1!
You closely miss the jackal. The jackal bites you.
The jackal bites you but does no damage.
The jackal pauses to sniff the ground.
The jackal bites you.
* * * LOW HITPOINT WARNING * * *
The jackal bites you but does no damage.
The jackal bites you.
You die...

#.)...#...∩....#
###.### #.#
#.(...#........#
+#'.# #.#
......#........###
##.###.#
#.....#........#.+
+#'.#.#
#.......######.#.#
###.###.#.#
#...).### #...#
..........#
#.....# ###.#
.##########
##.#.## #.##
...#.. #@(#
####### ##h## #Jh#
# ###.##.#
#...(..# #.#†.#.#
#.##.# # # #..
##..


You could see an endoplasm and 2 jackals.

Vanquished Creatures
  An endoplasm (D:1)
  A hobgoblin (D:1)
  A jackal (D:1)
  A bat (D:1)
  2 frilled lizards (D:1)
  A goblin (D:1)
  2 kobolds (D:1)
  2 rats (D:1)
11 creatures vanquished.

Notes
Turn   | Place    | Note
-------+----------+-------------------------------------------
     0 | D:1      | EiAlmux the Deep Elf Conjurer began the quest for the Orb.
     0 | D:1      | Reached XP level 1. HP: 10/10 MP: 6/6
    20 | D:1      | Found Caumuh's Magic Scroll Emporium.
   106 | D:1      | Found a faded altar of an unknown god.
   186 | D:1      | Found Dioxerch's Assorted Antiques.
   207 | D:1      | Reached XP level 2. HP: 16/16 MP: 1/8
   210 | D:1      | Learned a level 2 spell: Searing Ray
   229 | D:1      | Reached skill level 1 in Fighting
   233 | D:1      | Slain by a jackal

Illustrated notes

Levels and vault maps discovered:
D:1:      erik_arrival_triangle_medium, layout_basic, serial_shops,
          shop_fountains, shop, hellmonk_ecumenical_altar_leap_of_faith,
          minmay_misc_feat_secret_circle

Skill      XL: |  1  2 |
---------------+-------+-----
Fighting       | 1 |  1.0
Dodging        | |  2.4
Stealth        | |  2.4
Spellcasting   | |  3.2
Conjurations   | |  4.5

Action                   || total
-------------------------++-------
Melee: Dagger            ||     6
 Cast: Magic Dart        ||    15
Armor: Robe              ||     4
Dodge: Dodged            ||    13

Table legend: (Time is in decaauts)
 A = Elapsed time spent in this place.
 B = Non-inter-level travel time spent in this place.
 C = Inter-level travel time spent in this place.
 D = Time resting spent in this place.
 E = Time spent auto-exploring this place.
 F = Levels seen in this place.
 G = Mean time per level.
                   A        B        C        D        E       F      G
               +--------+--------+--------+--------+--------+-----+--------+
         Total |    232 |    226 |      6 |      0 |    176 |   1 |  232.0 |
       Dungeon |    232 |    226 |      6 |      0 |    176 |   1 |  232.0 |
               +--------+--------+--------+--------+--------+-----+--------+

Top non-repeatable levels by time:
     D:1: 232 daAuts
